 Dungeon Crawl Stone Soup version 0.20-a0-1009-gc986637 (webtiles) character file.

294499 Phroggus the Warrior (level 19, -11/181 HPs)
             Began as a Green Draconian Transmuter on Apr 8, 2017.
             Was the Champion of Jiyva.
             Shot with a bolt by a yaktaur (22 damage)
             ... led by a vault warden
             ... on level 4 of the Vaults on Apr 14, 2017.
             The game lasted 05:15:00 (62818 turns).

Phroggus the Warrior (Green Draconian Transmuter)  Turns: 62818, Time: 05:15:01

Health: -11/181    AC: 14    Str: 10    XL:     19   Next: 60%
Magic:  30/38      EV: 27    Int: 27    God:    Jiyva [******]
Gold:   1013       SH:  0    Dex: 18    Spells: 8/41 levels left

rFire    + . .     SeeInvis .     - Unarmed
rCold    + . .     Gourm    +   (shield currently unavailable)
rNeg     . . .     Faith    .   (armour unavailable)
rPois    +         Spirit   .   (helmet restricted)
rElec    .         Reflect  .   u - +1 cloak
rCorr    +         Harm     .   (gloves currently unavailable)
MR       +++++                  t - +0 pair of boots {Stlth+}
Stlth    +++.......             v - amulet "Evuelaf" {Gourm MR+ Str+4 Int+3}
Regen    0.4/turn               N - ring of protection from cold
MPRegen  0.3/turn               e - ring of protection from fire

@: swift, about to teleport, blade hands (expiring), very slightly contaminated,
invisible, quick
A: breathe noxious fumes, unfitting armour, antennae 2, fangs 1, hooves 1,
stinger 1, high mp 1, magic resistance 3, poison resistance, strong 1, wild
magic 1, acidic bite, eyeballs 1, gelatinous body 1, pseudopods 1, translucent
skin 1, evolution 2, jelly absorbing missiles, cold-blooded, AC +10
}: 3/15 runes: decaying, serpentine, slimy
a: Breathe Noxious Fumes, End Transformation, Request Jelly, Slimify, Cure Bad
Mutation, Renounce Religion


You were on level 4 of the Vaults.
You worshipped Jiyva.
Jiyva was exalted by your worship.
You were very full.
You had blades for hands.
You visited 8 branches of the dungeon, and saw 41 of its levels.
You visited 1 bazaar.
You also visited: Volcano.

You collected 1992 gold pieces.
You spent 979 gold pieces at shops.

Inventory:

Hand Weapons
 b - a +4 blowgun
Missiles
 a - 349 arrows
 s - 10 curare-tipped needles
 B - 6 needles of sleeping
 D - 2 needles of frenzy
 W - a throwing net (quivered)
Armour
 r - a +2 pair of gloves (melded)
 t - a +0 pair of boots of stealth (worn)
 u - a +1 cloak (worn)
Jewellery
 e - a ring of protection from fire (right scythe-like blade)
 v - the amulet "Evuelaf" (around neck) {Gourm MR+ Str+4 Int+3}
   (You found it on level 5 of the Pits of Slime)

   [amulet of the gourmand]

   It allows you to eat raw meat even when not hungry.
   It affects your strength (+4).
   It affects your intelligence (+3).
   It affects your resistance to hostile enchantments.
 w - an uncursed ring of positive energy
 N - a ring of protection from cold (left scythe-like blade)
Wands
 j - a wand of confusion (16/48)
 p - a wand of acid (8/15)
 q - a wand of iceblast (6/15)
 y - a wand of acid (2/15)
 H - a wand of digging (12/24)
 O - a wand of iceblast (9/15)
Scrolls
 f - 3 scrolls of identify
 i - 8 scrolls of remove curse
 o - a scroll of teleportation
 x - 8 scrolls of amnesia
 z - 10 scrolls of recharging
 I - a scroll of holy word
 L - 2 scrolls of magic mapping
 P - 2 scrolls of fear
 Q - a scroll of silence
 S - 2 scrolls of fog
 X - 3 scrolls of enchant weapon
Potions
 d - 8 potions of curing
 h - 3 potions of cancellation
 k - 4 potions of might
 C - 3 potions of magic
 E - 4 potions of brilliance
 F - 2 potions of lignification
 J - 3 potions of mutation
 U - 3 potions of agility
 Y - 3 potions of haste
 Z - a potion of berserk rage
Books
 m - a book of Alchemy

   Spells                             Type                      Level
   a - Sublimation of Blood           Necromancy                   2
   b - Ignite Poison                  Fire/Transmutation/Poison    3
   c - Petrify                        Transmutation/Earth          4
   d - Alistair's Intoxication        Transmutation/Poison         5
   e - Irradiate                      Conjuration/Transmutation    5
 A - a book of Cantrips

   Spells                             Type                      Level
   a - Confusing Touch                Hexes                        1
   b - Animate Skeleton               Necromancy                   1
   c - Summon Small Mammal            Summoning                    1
   d - Apportation                    Translocation                1
 G - a book of Fire

   Spells                             Type                      Level
   a - Ignite Poison                  Fire/Transmutation/Poison    3
   b - Fireball                       Conjuration/Fire             5
   c - Bolt of Fire                   Conjuration/Fire             6
   d - Ring of Flames                 Charms/Fire                  7
   e - Ignition                       Fire                         8
Miscellaneous
 M - a lamp of fire (inert)
 T - 2 sacks of spiders
Comestibles
 c - 15 bread rations
 g - 14 meat rations
 l - 33 fruits
 V - 7 royal jellies


   Skills:
 + Level 18.7 Fighting
 + Level 16.4 Dodging
 - Level 13.0 Unarmed Combat
 + Level 11.6 Spellcasting
 - Level 3.0 Hexes
 - Level 11.6 Transmutations
 + Level 9.2 Fire Magic
 - Level 4.3 Ice Magic
 - Level 5.7 Earth Magic
 - Level 8.7 Poison Magic
   Level 5.0 Invocations
 - Level 5.2 Evocations


You had 8 spell levels left.
You knew the following spells:

 Your Spells              Type           Power        Failure   Level  Hunger
a - Blade Hands           Tmut           #######...   21%         5    ###....
b - Sticks to Snakes      Tmut           #######.     10%         2    None
c - Spider Form           Tmut/Pois      ######....   14%         3    None
d - Ice Form              Ice/Tmut       ######..     24%         4    None
e - Passwall              Tmut/Erth      ######....   14%         2    None
f - Swiftness             Chrm/Air       ###.....     50%         2    None
g - Apportation           Tloc           ###...       41%         1    None
h - Summon Butterflies    Summ           ###.....     41%         1    None
i - Confusing Touch       Hex            #####.       24%         1    None
j - Ignite Poison         Fire/Tmut/Pois ######..     14%         3    None
k - Petrify               Tmut/Erth      ######..     21%         4    None
l - Alistair's Intoxicat  Tmut/Pois      ######..     24%         5    ###....


Dungeon Overview and Level Annotations

Branches:
Dungeon (15/15)            Temple (1/1) D:4            Lair (6/6) D:11
  Swamp (4/4) Lair:4        Snake (4/4) Lair:3        Slime (5/5) Lair:6
    Orc (2/2) D:11            Elf (0/3) Orc:2        Vaults (4/5) D:14
  Crypt (0/3) Vaults:3     Depths (0/5) D:15

Altars:
Ashenzari
Cheibriados
Dithmenos
Elyvilon
Fedhas
Gozag
Hepliaklqana
Kikubaaqudgha
Makhleb
Nemelex Xobeh
Okawaru
Qazlal
Ru
Sif Muna
Trog
Uskayaw
Vehumet
Wu Jian
Xom
Yredelemnul
Zin
The Shining One
Beogh
Jiyva
Lugonu

Shops:
D:9 [   D:11 [(   D:12 [   Orc:2 }[}[   Snake:1 (   Snake:4 ?

Annotations:
D:7 HeyBub's ghost, novice HuMo
D:8 exclusion: 7 doors
D:15 Freezing wraiths!
Snake:1 exclusion: Roxanne, Roxanne
Slime:5 Royal Jelly


Innate Abilities, Weirdness & Mutations

You can breathe blasts of noxious fumes.
Your lurid green scales are hard. (AC +10)
You cannot fit into any form of body armour.
Your tail ends in a poisonous barb.
Your system is resistant to poisons. (rPois)
You are cold-blooded and may be slowed by cold attacks.
You have a pair of antennae on your head.
You have very sharp teeth.
You have large cloven feet.
You have an increased reservoir of magic. (+10% MP)
You are extremely resistant to the effects of hostile enchantments. (MR+++)
Your muscles are strong. (Str +2)
Your spells are a little harder to cast, but a little more powerful.
You have acidic saliva.
Your body has grown golden eyes which may confuse attackers. (Acc +3)
Your rubbery body absorbs attacks. (AC +1, EV +1)
Armour fits poorly on your pseudopods.
Your translucent skin slightly reduces your foes' accuracy. (Stealth)
You rapidly evolve.
You have a small jelly attached to you that may absorb incoming projectiles.


Message History

* * * LOW HITPOINT WARNING * * *
x2 The vault warden activates a sealing rune.
Unknown command.
Okay, then.
The vault warden activates a sealing rune.
Unknown command.
What are your orders? t - Shout!
Orders for allies: a - Attack new target. p - Attack previous target. r - Retreat! s - Stop attacking. g - Guard the area. f - Follow me.
Anything else - Cancel.
Okay, then.
Unknown command.
As you read the scroll of teleportation, it crumbles to dust.
You feel strangely unstable.
Unknown command.
Okay, then.
You feel better.
The yaktaur shoots a bolt.
The bolt hits you!!
You die...

............... ######
####+# #....# #.((.#
#....## ##c(..# ####
#.....###c....# #...
###........(....# #.†.
###.........p...### #...
.+.............## #...
#......@.p....# #...
#.......(.....## #...
##.............#######'#
###.............+......
#.....###.....+......
#....## ##...........
#[)..# #....#......
##+############......
#((.........##......


You could see a vault warden, a vault sentinel and 2 yaktaurs.

Vanquished Creatures
  Jorgrun (Vaults:3)
  A sphinx (Vaults:4)
  2 thorn hunters
  Agnes (Snake:1)
  Kirke (D:15)
  Nessos (D:15)
  5 nagarajas
  A vault warden (Vaults:3)
  A very ugly thing (Vaults:3)
  2 stone giants
  8 ironheart preservers
  A deep elf demonologist (Vaults:2)
  3 deep elf annihilators
  The ghost of Raziel200480 the Severer, a journeyman HOBe of Trog (D:13)
  An ettin (Vaults:3)
  A deep elf death mage (Vaults:2)
  A crystal guardian (Vaults:3)
  A fire dragon (Vaults:2)
  8 yaktaur captains
  15 hydras
  27 naga warriors
  A vault guard (Vaults:1)
  13 anacondas
  6 ice dragons
  2 death knights
  2 catoblepae (Lair:6)
  2 ghost crabs
  Erica (D:8)
  8 ogre magi
  7 centaur warriors
  20 two-headed ogres
  6 alligators
  2 dancing weapons
  2 deep troll shamans (Vaults:3)
  2 death yaks (Lair:4)
  A tengu warrior (D:15)
  3 orc high priests (Orc:2)
  7 naga sharpshooters
  10 spriggans
  Nergalle (D:12)
  A deep elf knight (Vaults:2)
  7 shock serpents
  A hell knight (Vaults:1)
  3 salamander mystics
  6 skeletal warriors
  5 wizards
  3 deep trolls (Vaults:3)
  A tengu zombie (Vaults:4)
  6 deep elf archers
  2 spriggan druids
  An unseen horror (D:13)
  2 flayed ghosts
  3 swamp dragons
  16 orc knights
  A shadow dragon zombie (Vaults:3)
  9 naga ritualists
  4 phantasmal warriors
  A harpy (shapeshifter) (Vaults:2)
  8 ironbrand convokers
  4 necromancers
  6 harpies
  Pikel (D:5)
  A mana viper (shapeshifter) (Vaults:3)
  5 deep elf magi
  13 mana vipers
  A human zombie (Vaults:3)
  14 ugly things
  13 orc sorcerers
  3 wolf spiders
  4 cyclopes
  2 fire giant zombies
  10 salamanders
  2 manticores
  A fire giant skeleton (Vaults:3)
  8 guardian serpents
  41 black mambas
  6 elephants
  A frost giant skeleton (Vaults:3)
  8 vault sentinels
  15 naga magi
  Psyche (D:8)
  4 gargoyles
  Joseph (D:7)
  18 spiny frogs
  2 kobold demonologists
  9 komodo dragons
  9 yaktaurs
  7 freezing wraiths
  An efreet (D:15)
  A yaktaur skeleton (Vaults:3)
  A queen bee (Lair:1)
  A jumping spider (shapeshifter) (Vaults:3)
  7 polar bears
  7 trolls
  A human skeleton (Vaults:3)
  9 tyrant leeches
  3 slime creatures (Vaults:2)
  13 hornets
  16 blink frogs
  A meliai zombie (D:15)
  7 hippogriffs
  12 bog bodies
  The ghost of Eujagadaph the Changer, an amateur OpTm of Cheibriados (D:3)
  6 wraiths
  Sigmund (D:2)
  3 shadows
  A tarantella (shapeshifter) (Vaults:3)
  A fire bat (shapeshifter) (Vaults:1)
  A vampire (D:11)
  41 yaks
  An ettin skeleton (Vaults:4)
  2 wyverns
  4 swamp worm simulacra (Swamp:4)
  5 basilisks
  2 hogs (D:15)
  A hungry ghost (D:11)
  13 vampire mosquitoes
  25 swamp worms
  4 wargs
  10 insubstantial wisps
  54 nagas
  An acid dragon (D:12)
  Edmund (D:5)
  A soldier ant (shapeshifter) (Vaults:1)
  14 hydra simulacra (Swamp:4)
  15 porcupines
  15 water moccasins
  2 hell hounds (Lair:4)
  47 orc warriors
  3 sky beasts
  3 swamp drakes
  3 ice beasts
  4 slaves (D:5)
  13 black bears
  An elf zombie (Vaults:3)
  2 phantoms
  41 ogres
  A boggart (Vaults:2)
  A necrophage (D:9)
  18 centaurs
  8 wolves
  17 crocodiles
  5 big kobolds
  12 bullfrogs
  A wyvern zombie (D:15)
  A human simulacrum (Vaults:3)
  4 scorpions
  31 killer bees
  3 wights
  4 electric eels
  2 lava snakes (Snake:1)
  11 crimson imps
  7 hounds
  A bullfrog zombie (D:11)
  5 centaur zombies
  3 centaur skeletons
  A hound (shapeshifter) (Vaults:3)
  Crazy Yiuf (D:7)
  21 orc priests
  4 jellies
  12 orc wizards
  8 worker ants
  A gnoll (D:3)
  16 adders
  5 shadow imps
  An ufetubus (Vaults:3)
  4 swamp drake simulacra (Swamp:4)
  2 adder skeletons
  3 worms
  3 dart slugs
  7 leopard geckos
  83 orcs
  2 ball pythons
  5 giant cockroaches
  12 hobgoblins
  19 jackals
  16 kobolds
  7 quokkas
  10 bats
  4 frilled lizards
  7 goblins
  A leopard gecko skeleton (D:8)
  A leopard gecko zombie (D:9)
  11 rats
  A spectral orc (D:8)
1294 creatures vanquished.

Vanquished Creatures (collateral kills)
  A nagaraja (Snake:4)
  A vault warden (Vaults:1)
  2 ironheart preservers
  A deep elf demonologist (Vaults:3)
  A deep elf annihilator (Vaults:3)
  A deep elf death mage (Vaults:3)
  An ogre mage (Vaults:2)
  2 naga warriors (Snake:4)
  A death knight (D:15)
  A two-headed ogre (Vaults:3)
  A deep elf knight (Vaults:2)
  A wizard (Vaults:2)
  A naga ritualist (Snake:3)
  A deep elf archer (Vaults:2)
  A harpy (Vaults:2)
  2 orc knights
  A deep elf mage (Vaults:3)
  A cyclops (D:14)
  A wolf spider (Vaults:3)
  A manticore (Lair:6)
  A guardian serpent (Snake:4)
  A yaktaur (Vaults:2)
  A tyrant leech (Swamp:1)
  A swamp worm (Swamp:3)
  A basilisk (Lair:5)
  A vampire mosquito (Swamp:1)
  2 nagas (Snake:4)
  A hell hound (Volcano)
  3 wolves (Lair:5)
  A killer bee (D:11)
  3 gnolls (D:3)
  2 adders
  A worm (D:2)
  An orc (Orc:1)
43 creatures vanquished.

Vanquished Creatures (others)
  5 acid blobs
  The ghost of dolemite99 the Force of Nature, an adept BuMo of Fedhas (Vaults:1)
  9 nagarajas (Snake:4)
  Louise (Snake:2)
  4 great orbs of eyes
  7 naga warriors (Snake:4)
  A rakshasa (Vaults:2)
  A centaur warrior (Vaults:1)
  An ogre mage (Vaults:2)
  3 two-headed ogres
  A death knight (Vaults:1)
  A tengu warrior (D:15)
  15 naga sharpshooters
  A spriggan (Swamp:4)
  2 deep elf knights
  A skeletal warrior (Vaults:2)
  A salamander mystic (Snake:4)
  7 naga ritualists
  A deep elf archer (Vaults:2)
  5 ironbrand convokers
  4 mana vipers
  An orc knight (D:15)
  An ugly thing (Vaults:1)
  3 deep elf magi
  A wolf spider (Vaults:2)
  2 salamanders (Snake:4)
  2 cyclopes
  7 naga magi (Snake:4)
  2 guardian serpents (Snake:4)
  4 black mambas
  A vault sentinel (Vaults:3)
  A spiny frog (Swamp:3)
  2 freezing wraiths
  A troll (D:15)
  A tyrant leech (Swamp:2)
  A hornet (Swamp:4)
  A merfolk (D:12)
  41 slime creatures
  2 dream sheep (Lair:6)
  2 shadows
  3 yaks
  2 humans (D:15)
  A swamp worm (Swamp:3)
  27 nagas
  A warg (Vaults:1)
  An acid dragon (shapeshifter) (Vaults:1)
  A hydra simulacrum (Swamp:4)
  10 orc warriors
  2 sky beasts
  A swamp drake (Swamp:3)
  An eye of draining (Slime:5)
  6 ogres
  2 boggarts (Vaults:1)
  5 centaurs (D:14)
  A glowing shapeshifter simulacrum (Vaults:1)
  A scorpion (D:13)
  412 jellies
  2 wights (D:12)
  3 crimson imps
  A lava snake (Snake:1)
  17 orc priests
  5 orc wizards
  A worker ant (D:12)
  A ball lightning (Vaults:2)
  30 orcs
  A briar patch (Swamp:3)
  32 fungi
  16 plants
734 creatures vanquished.

Grand Total: 2071 creatures vanquished

Notes
Turn   | Place    | Note
-------+----------+-------------------------------------------
     0 | D:1      | Phroggus the Draconian Transmuter began the quest for the Orb.
     0 | D:1      | Reached XP level 1. HP: 16/16 MP: 3/3
   145 | D:1      | Reached XP level 2. HP: 21/23 MP: 5/5
   295 | D:1      | Learned a level 2 spell: Sticks to Snakes
   492 | D:1      | Reached skill level 2 in Fighting
   712 | D:2      | Reached XP level 3. HP: 16/29 MP: 2/6
  1012 | D:2      | Noticed Sigmund
  1262 | D:2      | Learned a level 3 spell: Spider Form
  1765 | D:3      | Reached XP level 4. HP: 37/37 MP: 5/7
  2225 | D:3      | Reached skill level 1 in Poison Magic
  2236 | D:3      | Noticed Eujagadaph's ghost (amateur OpTm)
  2373 | D:2      | Reached skill level 3 in Fighting
  2558 | D:3      | Killed Eujagadaph's ghost
  2558 | D:3      | Reached XP level 5. HP: 34/45 MP: 2/8
  2558 | D:3      | Reached XP level 6. HP: 38/51 MP: 2/9
  2857 | D:3      | Found a snail-covered altar of Cheibriados.
  3062 | D:3      | Found a burning altar of Makhleb.
  3180 | D:4      | Found a hazy altar of Hepliaklqana.
  3252 | D:4      | Reached skill level 4 in Fighting
  3496 | D:4      | Found an opulent altar of Gozag.
  3558 | D:4      | Found a staircase to the Ecumenical Temple.
  3567 | Temple   | Entered the Ecumenical Temple
  3584 | Temple   | Became a worshipper of Elyvilon the Healer
  4168 | D:5      | Entered Level 5 of the Dungeon
  4214 | D:5      | Your scales start taking on a lurid green colour.
  4214 | D:5      | Reached XP level 7. HP: 60/60 MP: 6/10
  4214 | D:5      | Gained mutation: Your system is resistant to poisons. (rPois) [Green Draconian growth]
  4353 | D:5      | Reached skill level 5 in Fighting
  4585 | D:5      | Found a shadowy altar of Dithmenos.
  4655 | D:5      | Reached skill level 5 in Transmutations
  4875 | D:5      | Noticed Edmund
  4907 | D:5      | Killed Edmund
  4907 | D:5      | Reached XP level 8. HP: 70/70 MP: 6/11
  5134 | D:5      | Noticed Pikel
  5145 | D:5      | Killed Pikel
  5145 | D:5      | Reached skill level 6 in Fighting
  5145 | D:5      | Reached skill level 5 in Unarmed Combat
  5418 | D:6      | Reached * piety under Elyvilon
  6211 | D:6      | Reached ** piety under Elyvilon
  6682 | D:7      | Reached XP level 9. HP: 61/78 MP: 7/12
  6741 | D:7      | Found an iron altar of Okawaru.
  6977 | D:7      | Reached skill level 7 in Fighting
  6977 | D:7      | Reached skill level 5 in Dodging
  7213 | D:7      | Noticed HeyBub's ghost (novice HuMo)
  7546 | D:7      | Found a deep blue altar of Sif Muna.
  7832 | D:7      | Noticed Joseph
  7853 | D:7      | Killed Joseph
  8237 | D:7      | Found a runed door.
  8241 | D:7      | Noticed Crazy Yiuf
  8246 | D:7      | Killed Crazy Yiuf
  8750 | D:8      | Got a fine dagger
  8751 | D:8      | Identified the +5 dagger of the Ship {pain, +Fly} (You found it on level 8 of the Dungeon)
  8797 | D:8      | Noticed a two-headed ogre
  8813 | D:8      | Killed a two-headed ogre
  8813 | D:8      | Reached skill level 8 in Fighting
  8813 | D:8      | Reached XP level 10. HP: 44/88 MP: 9/13
  9108 | D:8      | Reached *** piety under Elyvilon
  9171 | D:8      | Noticed Psyche
  9209 | D:8      | Killed Psyche
  9264 | D:8      | Noticed Erica
  9287 | D:8      | Killed Erica
  9301 | D:8      | Learned a level 5 spell: Blade Hands
  9890 | D:8      | Found a basalt altar of Yredelemnul.
 10054 | D:9      | Gained mutation: You possess an exceptional clarity of mind. [potion of mutation]
 10054 | D:9      | Gained mutation: Your tail ends in a poisonous barb. [potion of mutation]
 10056 | D:9      | Reached **** piety under Elyvilon
 10094 | D:9      | Found Plog's Antique Armour Boutique.
 10109 | D:9      | Found a sparkling altar of Nemelex Xobeh.
 10489 | D:9      | Reached skill level 9 in Fighting
 10543 | D:9      | Noticed a two-headed ogre
 10555 | D:9      | Killed a two-headed ogre
 10711 | D:9      | Found a shimmering altar of Xom.
 10713 | D:9      | Noticed an angel
 10766 | D:9      | Found a glowing silver altar of Zin.
 11698 | D:2      | Found a bloodstained altar of Trog.
 11702 | D:2      | Found a stormy altar of Qazlal.
 11704 | D:2      | Found a blossoming altar of Fedhas.
 11862 | D:2      | Killed Sigmund
 12094 | D:10     | Entered Level 10 of the Dungeon
 12124 | D:10     | Noticed a two-headed ogre
 12142 | D:10     | Killed a two-headed ogre
 12142 | D:10     | Reached XP level 11. HP: 34/97 MP: 11/14
 12459 | D:10     | Learned a level 4 spell: Ice Form
 12638 | D:11     | Reached ***** piety under Elyvilon
 12653 | D:11     | Reached skill level 1 in Ice Magic
 12988 | D:11     | Found Usur's Weapon Shop.
 12996 | D:11     | Found a staircase to the Orcish Mines.
 12998 | D:11     | Found Hibised's Armour Shop.
 13197 | D:11     | Found a staircase to the Lair.
 13205 | D:11     | Noticed a brown ugly thing
 13245 | D:11     | Killed a brown ugly thing
 13577 | D:11     | Noticed a seven-headed hydra
 13587 | D:11     | Killed a seven-headed hydra
 14382 | Lair:1   | Entered Level 1 of the Lair of Beasts
 14443 | Lair:1   | Reached skill level 10 in Fighting
 14541 | Lair:1   | Reached skill level 1 in Invocations
 15726 | Lair:1   | Reached XP level 12. HP: 76/108 MP: 12/15
 15867 | Lair:1   | Reached skill level 11 in Fighting
 18986 | Lair:2   | Reached skill level 12 in Fighting
 19246 | Lair:2   | Reached skill level 10 in Transmutations
 19246 | Lair:2   | Reached skill level 5 in Invocations
 20071 | Lair:2   | Reached skill level 10 in Dodging
 20432 | Lair:2   | Reached skill level 10 in Unarmed Combat
 21008 | Lair:2   | Reached XP level 13. HP: 114/119 MP: 13/18
 21518 | Lair:3   | Found a staircase to the Snake Pit.
 22883 | Lair:4   | Found a dark tunnel.
 22918 | Volcano  | Entered a volcano
 22921 | Volcano  | Noticed w00t's ghost (journeyman BuWz)
 23100 | Lair:4   | Reached skill level 5 in Spellcasting
 23363 | Lair:4   | Found a staircase to the Swamp.
 23658 | Lair:4   | Reached skill level 1 in Evocations
 24347 | Lair:5   | Reached skill level 13 in Fighting
 25275 | Lair:6   | Entered Level 6 of the Lair of Beasts
 25428 | Lair:6   | Reached ****** piety under Elyvilon
 25993 | Lair:6   | Found a runed door.
 25994 | Lair:6   | Found a viscous altar of Jiyva.
 25996 | Lair:6   | Found a staircase to the Slime Pits.
 26010 | Lair:6   | Fell from the grace of Elyvilon
 26010 | Lair:6   | Became a worshipper of Jiyva Jodacs the Shapeless
 26043 | Lair:6   | Reached * piety under Jiyva
 26365 | Lair:6   | Reached ** piety under Jiyva
 27233 | Orc:1    | Entered Level 1 of the Orcish Mines
 27268 | Orc:1    | Reached *** piety under Jiyva
 27377 | D:11     | Gained mutation: You are dopey. (Int -2) [Jiyva's grace]
 27480 | Orc:1    | Gained mutation: Your tail ends in a sharp poisonous barb. [Green Draconian growth]
 27480 | Orc:1    | Reached XP level 14. HP: 99/130 MP: 16/21
 27485 | Orc:1    | Noticed an orc warlord
 27505 | Orc:1    | Reached **** piety under Jiyva
 27505 | Orc:1    | Lost mutation: You are dopey. (Int -2) [Jiyva's grace]
 27581 | Orc:1    | Reached ***** piety under Jiyva
 27581 | Orc:1    | Gained mutation: Your flesh is cold resistant. (rC+) [Jiyva's grace]
 27626 | Orc:1    | Slimified an orc warlord
 27626 | Orc:1    | Noticed an azure jelly
 27626 | Orc:1    | an orc warlord changed into an azure jelly
 27862 | Orc:2    | Entered Level 2 of the Orcish Mines
 27907 | Orc:2    | Gained mutation: You passively map a small area around you. [Jiyva's grace]
 28114 | Orc:2    | Reached skill level 14 in Fighting
 28136 | Orc:2    | Gained mutation: Armour fits poorly on your pseudopods. [Jiyva's grace]
 28178 | Orc:2    | Noticed an orc warlord
 28223 | Orc:2    | Slimified an orc warlord
 28223 | Orc:2    | Noticed an acid blob
 28223 | Orc:2    | an orc warlord changed into an acid blob
 28245 | Orc:2    | Lost mutation: Your tail ends in a sharp poisonous barb. [Jiyva's grace]
 28256 | Orc:2    | Reached ****** piety under Jiyva
 28256 | Orc:2    | Gained mutation: Your rubbery body absorbs attacks. (AC +1, EV +1) [Jiyva's grace]
 28299 | Orc:2    | Gained mutation: Your translucent skin slightly reduces your foes' accuracy. (Stealth) [Jiyva's grace]
 28315 | Orc:2    | Gained mutation: Armour fits poorly on your large pseudopods. [Jiyva's grace]
 28488 | Orc:2    | Lost mutation: You possess an exceptional clarity of mind. [Jiyva's grace]
 28510 | Orc:2    | Learned a level 2 spell: Passwall
 28513 | Orc:2    | Learned a level 2 spell: Swiftness
 28950 | Orc:2    | Gained mutation: You are covered in fur. (AC +1) [Jiyva's grace]
 29030 | Orc:2    | Found a roughly hewn altar of Beogh.
 29037 | Orc:2    | Found Qaxin's Armour Boutique.
 29061 | Orc:2    | Gained mutation: You are covered in slimy tendrils that may disarm your opponents. [Jiyva's grace]
 29359 | Orc:2    | Found Keit's Gadget Shop.
 29532 | Orc:2    | Found a staircase to the Elven Halls.
 29653 | Orc:2    | Reached skill level 5 in Evocations
 29695 | Orc:2    | Found Ruhath's Antique Armour Boutique.
 29709 | Orc:2    | Gained mutation: Your large and strong wings let you fly indefinitely. [Jiyva's grace]
 29812 | Orc:2    | Found a roughly hewn altar of Beogh.
 29827 | Orc:2    | Found Bicoluin's Gadget Shop.
 29861 | Orc:2    | Gained mutation: Your pliable body absorbs attacks. (AC +2, EV +2) [Jiyva's grace]
 30337 | Slime:1  | Entered Level 1 of the Pits of Slime
 30337 | Slime:1  | Noticed an azure jelly
 30342 | Slime:2  | Noticed an acid blob
 30342 | Slime:2  | Noticed an azure jelly
 30342 | Slime:2  | Noticed an acid blob
 30342 | Slime:2  | Noticed an azure jelly
 30355 | Slime:4  | Noticed an acid blob
 30366 | Slime:4  | Noticed an acid blob
 30367 | Slime:4  | Noticed an acid blob
 30373 | Slime:5  | Entered Level 5 of the Pits of Slime
 30373 | Slime:5  | Noticed an azure jelly
 30382 | Slime:5  | Noticed an acid blob
 30384 | Slime:5  | Noticed an acid blob
 30386 | Slime:5  | Noticed an acid blob
 30388 | Slime:5  | Noticed the Royal Jelly
 30389 | Slime:5  | Found a viscous altar of Jiyva.
 30392 | Slime:5  | Lost mutation: You passively map a small area around you. [Jiyva's grace]
 30395 | Slime:5  | Got a sparkling ruby amulet
 30400 | Slime:5  | Gained mutation: Your spells are a little harder to cast, but a little more powerful. [Jiyva's grace]
 30405 | Slime:5  | Noticed an azure jelly
 30405 | Slime:5  | Noticed an acid blob
 30409 | Slime:5  | Noticed an acid blob
 30416 | Slime:5  | Lost mutation: You are covered in fur. (AC +1) [Jiyva's grace]
 30432 | Slime:5  | Identified Kahyky's Compendium of Lucky Black Rites
 30433 | Slime:5  | Killed an acid blob
 30448 | Slime:5  | Got a slimy rune of Zot
 30449 | Slime:5  | Identified the Tome of Summoning and Dislocation
 30452 | Slime:5  | Learned a level 1 spell: Apportation
 30454 | Slime:5  | Learned a level 1 spell: Summon Butterflies
 30702 | D:12     | Noticed Nergalle
 30723 | D:12     | Killed Nergalle
 30830 | D:11     | Reached skill level 1 in Earth Magic
 30911 | D:12     | Found Upeuc's Antique Armour Shoppe.
 30919 | D:12     | Bought a pair of runed boots for 187 gold pieces
 30933 | D:12     | Lost mutation: Your flesh is cold resistant. (rC+) [Jiyva's grace]
 31070 | D:12     | Lost mutation: Your pliable body absorbs attacks. (AC +2, EV +2) [Jiyva's grace]
 31428 | D:13     | Noticed Raziel200480's ghost (journeyman HOBe)
 31437 | D:13     | Learned a level 1 spell: Confusing Touch
 31455 | D:13     | Killed Raziel200480's ghost
 31708 | D:13     | Gained mutation: You have a small jelly attached to you that may absorb incoming projectiles. [Jiyva's grace]
 31946 | D:13     | Found a deep blue altar of Sif Muna.
 32390 | D:13     | Lost mutation: Your spells are a little harder to cast, but a little more powerful. [Jiyva's grace]
 32642 | D:14     | Found a gate to the Vaults.
 33176 | D:14     | Gained mutation: You are somewhat resistant to further mutation. [Jiyva's grace]
 33539 | D:15     | Entered Level 15 of the Dungeon
 33705 | D:15     | Noticed Kirke
 33803 | D:14     | Reached XP level 15. HP: 115/139 MP: 22/22
 34049 | D:15     | Gained mutation: You expend magic power (3 MP) to strengthen your wands. [Jiyva's grace]
 34061 | D:15     | Paralysed by an orc sorcerer for 3 turns
 34224 | D:15     | Noticed Nessos
 34314 | D:15     | Killed Kirke
 34316 | D:15     | Noticed an acid blob
 34316 | D:15     | a seven-headed hydra changed into an acid blob
 34361 | D:15     | Found a corrupted altar of Lugonu.
 34382 | D:15     | Gained mutation: Your muscles are strong. (Str +2) [Jiyva's grace]
 34383 | D:15     | Killed an acid blob
 34400 | D:15     | Reached skill level 15 in Fighting
 34762 | D:15     | Lost mutation: Your muscles are strong. (Str +2) [Jiyva's grace]
 34793 | D:15     | Found a staircase to the Depths.
 35118 | D:15     | Killed Nessos
 35173 | D:15     | Lost mutation: You expend magic power (3 MP) to strengthen your wands. [Jiyva's grace]
 35240 | D:14     | Upgraded the game from 0.20-a0-971-g5896763 to 0.20-a0-1006-ge6c5631
 35876 | Swamp:1  | Entered Level 1 of the Swamp
 35886 | Swamp:1  | Reached skill level 1 in Hexes
 36005 | Swamp:1  | Learned a level 3 spell: Ignite Poison
 36006 | Swamp:1  | Identified the amulet "Evuelaf" {Gourm MR+ Str+4 Int+3} (You found it on level 5 of the Pits of Slime)
 36211 | Swamp:1  | Reached skill level 5 in Earth Magic
 37414 | Swamp:2  | Noticed a thorn hunter
 37426 | Swamp:2  | Killed a thorn hunter
 37684 | Swamp:2  | Lost mutation: You are somewhat resistant to further mutation. [Jiyva's grace]
 37823 | Swamp:2  | Gained mutation: You have a small jelly attached to you that senses nearby items. [Jiyva's grace]
 38074 | Swamp:2  | Reached skill level 1 in Fire Magic
 38370 | Swamp:2  | Lost mutation: You are covered in slimy tendrils that may disarm your opponents. [Jiyva's grace]
 38617 | Swamp:3  | Noticed an acid blob
 38617 | Swamp:3  | an eight-headed hydra changed into an acid blob
 38622 | Swamp:3  | Killed an acid blob
 38650 | Swamp:3  | Reached XP level 16. HP: 68/150 MP: 24/24
 38651 | Swamp:3  | Lost mutation: Your large and strong wings let you fly indefinitely. [Jiyva's grace]
 39245 | Swamp:3  | Noticed a thorn hunter
 39274 | Swamp:3  | Killed a thorn hunter
 40194 | Swamp:4  | Entered Level 4 of the Swamp
 42241 | Swamp:3  | Reached skill level 16 in Fighting
 42242 | Swamp:3  | Gained mutation: You are agile. (Dex +2) [Jiyva's grace]
 43488 | Swamp:4  | Lost mutation: You are agile. (Dex +2) [Jiyva's grace]
 43962 | Swamp:4  | Got a decaying rune of Zot
 43989 | Swamp:4  | Learned a level 4 spell: Petrify
 44086 | Snake:1  | Entered Level 1 of the Snake Pit
 44370 | Snake:1  | Noticed Agnes
 44380 | Snake:1  | Killed Agnes
 44386 | Snake:1  | Gained mutation: Your body has grown golden eyes which may confuse attackers. (Acc +3) [Jiyva's grace]
 44631 | Snake:1  | Noticed Roxanne
 44878 | Snake:1  | Reached skill level 5 in Fire Magic
 45154 | Snake:1  | Found Hennubov's Antique Weapon Emporium.
 45245 | Snake:1  | Noticed Frances
 45257 | Snake:1  | Slimified Frances
 45257 | Snake:1  | Noticed Frances
 45257 | Snake:1  | Frances changed into Frances the slime creature
 45267 | Snake:1  | Killed Frances the slime creature
 45658 | Snake:2  | Found a shimmering altar of Xom.
 45698 | Snake:2  | Noticed Vashnia
 45869 | Snake:1  | Gained mutation: You are resistant to electric shocks. (rElec) [Jiyva's grace]
 46284 | Snake:2  | Lost mutation: You are resistant to electric shocks. (rElec) [Jiyva's grace]
 46654 | Snake:2  | Gained mutation: You evolve. [Jiyva's grace]
 46833 | Snake:2  | Reached XP level 17. HP: 148/160 MP: 29/29
 46877 | Snake:2  | Gained mutation: Your pliable body absorbs attacks. (AC +2, EV +2) [Jiyva's grace]
 46886 | Snake:2  | Noticed Louise
 46898 | Snake:2  | Lost mutation: You evolve. [end of evolution]
 46926 | Snake:2  | Slimified Vashnia
 46926 | Snake:2  | Noticed Vashnia
 46926 | Snake:2  | Vashnia changed into Vashnia the azure jelly
 47101 | Snake:2  | Lost mutation: You have a small jelly attached to you that may absorb incoming projectiles. [Jiyva's grace]
 47153 | Snake:2  | Killed Louise
 47200 | Snake:2  | Lost mutation: Your pliable body absorbs attacks. (AC +2, EV +2) [Jiyva's grace]
 48075 | Snake:3  | Gained mutation: You have an increased reservoir of magic. (+10% MP) [Jiyva's grace]
 48091 | Snake:3  | Gained mutation: You have acidic saliva. [Jiyva's grace]
 49226 | Snake:3  | Reached skill level 17 in Fighting
 49275 | Snake:3  | Learned a level 5 spell: Alistair's Intoxication
 49444 | Snake:3  | Lost mutation: You have a small jelly attached to you that senses nearby items. [Jiyva's grace]
 49602 | Snake:4  | Entered Level 4 of the Snake Pit
 49734 | Snake:3  | Lost mutation: Armour fits poorly on your large pseudopods. [Jiyva's grace]
 49828 | Snake:4  | Noticed an acid blob
 49828 | Snake:4  | a shock serpent changed into an acid blob
 50084 | Snake:4  | Gained mutation: You have large cloven feet. [Jiyva's grace]
 50125 | Snake:4  | Killed an acid blob
 50585 | Snake:4  | Reached skill level 15 in Dodging
 50657 | Snake:4  | Gained mutation: You can translocate small distances at will. [Jiyva's grace]
 51249 | Snake:4  | Found Ywammess's Magic Scroll Emporium.
 51271 | Snake:4  | Gained mutation: Your tail ends in a sharp poisonous barb. [Jiyva's grace]
 51278 | Snake:4  | Bought a scroll of magic mapping for 52 gold pieces
 51278 | Snake:4  | Bought a scroll of holy word for 112 gold pieces
 51278 | Snake:4  | Bought a scroll of silence for 112 gold pieces
 51301 | Snake:4  | Identified Sif Muna's Volume of Orientation and Necromancy
 51334 | Snake:4  | Reached skill level 5 in Poison Magic
 51395 | Snake:4  | Gained mutation: Your body has grown many golden eyes which may confuse attackers. (Acc +5) [Jiyva's grace]
 52041 | Snake:4  | Lost mutation: Your tail ends in a sharp poisonous barb. [Jiyva's grace]
 52079 | Snake:4  | Gained mutation: You evolve. [Jiyva's grace]
 52111 | Snake:4  | Gained mutation: Your tail ends in a sharp poisonous barb. [Jiyva's grace]
 52187 | Snake:4  | Gained mutation: You have a pair of small horns on your head. [Jiyva's grace]
 52442 | Snake:4  | Gained mutation: Your spells are a little harder to cast, but a little more powerful. [Jiyva's grace]
 52665 | Snake:4  | Noticed an acid blob
 52665 | Snake:4  | a naga sharpshooter changed into an acid blob
 53425 | Snake:4  | Gained mutation: Your flesh is heat resistant. (rF+) [Jiyva's grace]
 53495 | Snake:4  | Lost mutation: Your rubbery body absorbs attacks. (AC +1, EV +1) [Jiyva's grace]
 53635 | Snake:4  | Lost mutation: You can translocate small distances at will. [Jiyva's grace]
 53649 | Snake:4  | Reached XP level 18. HP: 144/170 MP: 34/34
 53686 | Snake:4  | Gained mutation: You have hoof-like feet. [Jiyva's grace]
 53836 | Snake:4  | Got a serpentine rune of Zot
 53945 | Snake:4  | Gained mutation: Your spells are harder to cast, but more powerful. [Jiyva's grace]
 54006 | Snake:4  | Lost mutation: Your tail ends in a sharp poisonous barb. [Jiyva's grace]
 54124 | Snake:4  | Lost mutation: You evolve. [Jiyva's grace]
 54491 | Vaults:1 | Entered Level 1 of the Vaults
 54647 | Vaults:1 | Gained mutation: You evolve. [Jiyva's grace]
 54666 | Vaults:1 | Reached skill level 10 in Spellcasting
 54676 | Vaults:1 | Gained mutation: Your muscles are strong. (Str +2) [Jiyva's grace]
 54703 | Vaults:1 | Noticed Saint Roka
 54706 | Vaults:1 | Slimified Saint Roka
 54706 | Vaults:1 | Noticed Saint Roka
 54706 | Vaults:1 | Saint Roka changed into Saint Roka the acid blob
 54720 | Vaults:1 | Gained mutation: You rapidly evolve. [Jiyva's grace]
 54771 | Vaults:1 | Gained mutation: Your translucent skin reduces your foes' accuracy. (Stealth) [Jiyva's grace]
 54869 | Vaults:1 | Gained mutation: Your tail ends in a sharp poisonous barb. [Jiyva's grace]
 54896 | Vaults:1 | Lost mutation: Your spells are harder to cast, but more powerful. [Jiyva's grace]
 54916 | Vaults:1 | Lost mutation: Your body has grown many golden eyes which may confuse attackers. (Acc +5) [Jiyva's grace]
 55403 | Vaults:1 | Lost mutation: You have a pair of small horns on your head. [Jiyva's grace]
 55505 | Vaults:1 | Noticed dolemite99's ghost (adept BuMo)
 55700 | Vaults:1 | Killed dolemite99's ghost
 55964 | Vaults:1 | Upgraded the game from 0.20-a0-1006-ge6c5631 to 0.20-a0-1009-gc986637
 56108 | Vaults:2 | Found a flickering gateway to a bazaar.
 56130 | Bazaar   | Entered a bazaar
 56130 | Bazaar   | Found Kuici's Distillery.
 56142 | Bazaar   | Found Caur's Antique Weapon Shop.
 56169 | Bazaar   | Found Pulorch's Antique Armour Shop.
 56195 | Bazaar   | Bought a potion of haste for 120 gold pieces
 56195 | Bazaar   | Bought a potion of invisibility for 96 gold pieces
 56195 | Bazaar   | Bought a potion of berserk rage for 60 gold pieces
 56195 | Bazaar   | Bought a potion of heal wounds for 60 gold pieces
 56195 | Bazaar   | Bought a potion of berserk rage for 60 gold pieces
 56195 | Bazaar   | Bought a potion of heal wounds for 60 gold pieces
 56195 | Bazaar   | Bought a potion of heal wounds for 60 gold pieces
 56363 | Vaults:1 | Gained mutation: You are resistant to hostile enchantments. (MR+) [Jiyva's grace]
 57082 | Vaults:2 | Reached skill level 18 in Fighting
 57202 | Vaults:2 | Gained mutation: You have a pair of small antennae on your head. [Jiyva's grace]
 57768 | Vaults:2 | Lost mutation: Your tail ends in a sharp poisonous barb. [Jiyva's grace]
 58252 | Vaults:2 | Gained mutation: Your rubbery body absorbs attacks. (AC +1, EV +1) [Jiyva's grace]
 58418 | Vaults:2 | Gained mutation: You are highly resistant to hostile enchantments. (MR++) [Jiyva's grace]
 58606 | Vaults:2 | Reached XP level 19. HP: 143/179 MP: 32/37
 59203 | Vaults:3 | Noticed Jorgrun
 59214 | Vaults:3 | Killed Jorgrun
 60275 | Vaults:3 | Gained mutation: You have a small jelly attached to you that may absorb incoming projectiles. [Jiyva's grace]
 60283 | Vaults:3 | Lost mutation: Your muscles are strong. (Str +2) [Jiyva's grace]
 60315 | Vaults:3 | Lost mutation: Your translucent skin reduces your foes' accuracy. (Stealth) [Jiyva's grace]
 60449 | Vaults:3 | Gained mutation: You are extremely resistant to the effects of hostile enchantments. (MR+++) [Jiyva's grace]
 60476 | Vaults:3 | Gained mutation: Your muscles are strong. (Str +2) [Jiyva's grace]
 60576 | Vaults:3 | Found a staircase to the Crypt.
 60576 | Vaults:3 | Found an ancient bone altar of Kikubaaqudgha.
 60576 | Vaults:3 | Found a basalt altar of Yredelemnul.
 60767 | Vaults:3 | Lost mutation: You have hoof-like feet. [Jiyva's grace]
 61053 | Vaults:3 | Gained mutation: You have very sharp teeth. [evolution]
 61149 | Vaults:3 | Lost mutation: Your flesh is heat resistant. (rF+) [Jiyva's grace]
 61860 | Vaults:3 | Gained mutation: You have a pair of antennae on your head. [Jiyva's grace]
 62815 | Vaults:4 | HP: 9/181 [yaktaur/bolt[a vault warden] (28)]
 62815 | Vaults:4 | HP: 2/181 [yaktaur/bolt[a vault warden] (7)]
 62818 | Vaults:4 | Shot with a bolt by a yaktaur

Vault maps used:
D:1:      scummos_arrival_forest
D:2:      minitemple, first_bread, st_stairs_6, uniq_sigmund
D:3:      lightli_temple_of_fire, kennysheep_slug_shrine, minmay_cupped
D:4:      nicolae_gozag_cash_rules_everything_around_me, kennysheep_little_box,
          minmay_temple_entry_poolview
D:5:      grunt_dithmenos_smoke_and_mirrors, uniq_pikel, uniq_edmund
D:7:      nicolae_overflow_crystal_walls, lemuel_doored_altar,
          uniq_crazy_yiuf_cottage, uniq_joseph
D:8:      yredelemnul_forgotten_temple_becter, uniq_psyche, uniq_erica
D:9:      grunt_temple_overflow_order_and_chaos_1,
          nemelex_xobeh_ov_fountains_minmay, serial_shops, nicolae_shop_trees
D:10:     serial_shops, shop
D:11:     due_lair_maze_entry_diamond, orc_david_3
D:12:     serial_shops, kennysheep_mini, hangedman_fish_farm, uniq_nergalle
D:13:     basic_altar
D:14:     erik_vaults_1
D:15:     grunt_enter_depths_magical_seal, minmay_misc_feat_encased,
          hangedman_abyss_or_decor_stabs, roderic_whirl, tgw_lugonu_bribe,
          uniq_nessos, uniq_kirke
Temple:   corrupted_temple
Lair:1:   special_room, beast_lair_carwin_1, grunt_megastairs_3,
          lemuel_fruit_fields
Lair:2:   beast_lair_carwin_large_3
Lair:3:   dummy_snake_entry, pond, serial_bayou_shore_a
Lair:4:   minmay_swamp_entry_wisps, enter_volcano_2, lemuel_fruit_tree
Lair:5:   disabler_island, infiniplex_staircase_pool, serial_bayou_shore_b
Lair:6:   evilmike_catoblepas_cave, slime_altar_2
Swamp:1:  hangedman_swamp_ruin_hall
Swamp:2:  nicolae_swamp_stair_fork, swamp_pool4
Swamp:3:  evilmike_swamp_ruin_house_3, swamp_pool4, hangedman_swamp_wriggling
Swamp:4:  swamp_icy
Snake:1:  special_room, serial_shops, shop, spider_trap,
          nicolae_snake_lava_pool, uniq_frances, uniq_agnes, uniq_roxanne
Snake:2:  basic_altar, uniq_vashnia, uniq_louise
Snake:4:  grunt_snake_rune_spirals, serial_shops, shop_scrolls
Slime:4:  cheibrodos_slime_lost_civilization_4
Orc:1:    abandoned_shop
Orc:2:    pubby_orc_utopia
Vaults:1: v_misc_9, v_alt_pattern_5, ontoclasm_vaults_spin,
          hangedman_vaults_stagger, ontoclasm_vaults_shuriken,
          nicolae_vaults_shelves_hall, st_squares, vaults_room_corners,
          nicolae_vaults_rhombus_7, uniq_saint_roka
Vaults:2: nicolae_vaults_network_barrier, ontoclasm_vaults_bender,
          nicolae_vaults_alarming, nicolae_vaults_circle_grid_b, v_misc_13,
          vaults_mumra_minichess_inversion, grunt_vaults_twisty, v_misc_5,
          nicolae_vaults_shelves_hall, vaults_room_fours, serial_shops,
          bzr_entry_customers
Vaults:3: minmay_crypt_entry_necro_gods, v_misc_18,
          vaults_room_hangedman_quadrants, nicolae_vaults_what_the_h, v_rooms_2,
          ontoclasm_vaults_misaligned, vaults_room_fancy_cross,
          nicolae_vaults_ninety_degrees, v_misc_9, v_misc_2,
          ontoclasm_vaults_pinch, v_misc_16, serial_ice_h,
          nicolae_vaults_little_squares_4, uniq_jorgrun
Vaults:4: nicolae_vaults_puzzle_piece, ontoclasm_vaults_hangar, v_rooms_5,
          ontoclasm_vaults_claustrophobia, v_misc_16, vaults_dpeg_cross,
          nicolae_vaults_big_angled_halls, nicolae_vaults_rhombus_5,
          serial_shops, shop, shop, nicolae_shop_statue_plus, shop, shop
Bazaar:   bazaar_jpeg_cross
Volcano:  volcano_caves

Skill      XL: |  1  2  3  4  5  6  7  8  9 10 11 12 13 14 15 16 17 18 19 |
---------------+----------------------------------------------------------+-----
Dodging        | 2 3 4 6 7 9 10 11 12 13 14 15 16 | 16.4
Fighting       | 2 3 4 5 6 8 9 10 12 13 14 15 16 17 18 | 18.7
Transmutations | 4 5 6 7 8 9 10 11 | 11.6
Poison Magic   | 1 2 7 8 |  8.7
Unarmed Combat | 4 6 8 9 10 11 13 | 13.0
Ice Magic      | 4 |  4.3
Invocations    | 2 5 |  5.0
Spellcasting   | 3 5 8 9 10 11 | 11.6
Evocations     | 4 5 |  5.2
Earth Magic    | 3 5 |  5.7
Hexes          | 3 |  3.0
Fire Magic     | 2 6 7 9 |  9.2

Action                   |  1- 3 |  4- 6 |  7- 9 | 10-12 | 13-15 | 16-18 | 19-21 || total
-------------------------+-------+-------+-------+-------+-------+-------+-------++-------
Melee: Unarmed           |   171 |   183 |   378 |   916 |  1923 |  1683 |   499 ||  5753
       Tailslap          |    26 |    15 |    13 |    28 |   164 |   230 |   116 ||   592
       Punch             |     2 |     1 |     6 |     6 |    69 |    87 |    39 ||   210
       Pseudopods        |       |       |       |       |   192 |   311 |   122 ||   625
       Bite              |       |       |       |       |       |   127 |    85 ||   212
       Headbutt          |       |       |       |       |       |    84 |       ||    84
 Fire: Blowgun           |       |     8 |       |       |       |       |       ||     8
 Cast: Sticks to Snakes  |     8 |     7 |     4 |    19 |    29 |    66 |    29 ||   162
       Spider Form       |       |     8 |    36 |    86 |    49 |     1 |       ||   180
       Beastly Appendage |       |     1 |       |       |       |       |       ||     1
       Ice Form          |       |       |       |    10 |    44 |    26 |       ||    80
       Blade Hands       |       |       |       |     1 |    31 |   126 |    13 ||   171
       Confusing Touch   |       |       |       |       |    14 |    58 |    18 ||    90
       Ignite Poison     |       |       |       |       |     5 |    32 |    11 ||    48
       Passwall          |       |       |       |       |     1 |       |       ||     1
       Petrify           |       |       |       |       |       |    22 |     1 ||    23
       Swiftness         |       |       |       |       |       |     7 |     1 ||     8
       Summon Butterflie |       |       |       |       |       |     3 |     2 ||     5
       Alistair's Intoxi |       |       |       |       |       |     3 |     8 ||    11
Invok: Greater Healing   |       |       |       |     2 |     9 |       |       ||    11
       Purification      |       |       |       |     1 |     1 |       |       ||     2
       Slimify           |       |       |       |       |     6 |     9 |     1 ||    16
 Abil: Breathe Noxious F |       |       |     4 |    13 |    30 |    50 |    30 ||   127
       End Transformatio |       |       |       |     6 |     7 |     4 |       ||    17
       Fly               |       |       |       |       |     1 |       |       ||     1
       Blink             |       |       |       |       |       |     1 |       ||     1
Evoke: Wand              |       |       |       |       |     7 |     1 |       ||     8
       Lamp of fire      |       |       |       |       |     2 |     3 |     2 ||     7
  Use: Potion            |     1 |       |     1 |     4 |    13 |     3 |     7 ||    29
       Scroll            |       |     9 |     7 |     9 |    22 |     5 |     1 ||    53
 Stab: Sleeping          |       |     1 |       |       |     1 |     2 |       ||     4
       Confused          |       |       |     1 |    11 |    32 |    51 |    42 ||   137
       Distracted        |       |       |       |     1 |     5 |     8 |     1 ||    15
       Petrified         |       |       |       |       |       |    34 |       ||    34
       Petrifying        |       |       |       |       |       |     5 |       ||     5
  Eat: Chunk             |     3 |     7 |    22 |    39 |    16 |    12 |       ||    99
       Royal jelly       |       |     1 |       |     2 |     4 |     1 |       ||     8
       Meat ration       |       |       |       |     2 |       |       |       ||     2
       Bread ration      |       |       |       |     2 |     1 |       |       ||     3
Armor: Skin              |    72 |    29 |    47 |    73 |   247 |   201 |    58 ||   727
Dodge: Dodged            |   113 |   113 |   249 |   977 |  1851 |  1726 |   396 ||  5425
